[Event "Grandmaster Triathlon (GM1)"]
[Site "Biel, CH"]
[Date "2025.07.20"]
[Round "16"]
[White "Aravindh, Chithambaram VR."]
[Black "Fedoseev, Vladimir"]
[Result "0-1"]
[Board "1"]
[TimeControl "180+2"]
[WhiteFideId "5072786"]
[BlackFideId "24130737"]
[WhiteTitle "GM"]
[BlackTitle "GM"]
[WhiteElo "2611"]
[BlackElo "2746"]
[WhiteTeam "IND"]
[BlackTeam "SLO"]
[WhiteClock "0:00:03"]
[BlackClock "0:00:19"]
[Variant "Standard"]

1. d4 d5 2. c4 dxc4 3. Nf3 Nf6 4. e3 e6 5. Bxc4 a6 6. O-O Nbd7 7. a4 b6 8. Nc3 Bb7 9. b3 Bd6 10. Bb2 O-O 11. d5 Qe7 12. dxe6 fxe6 13. Nd4 Ne5 14. Bxe6+ Kh8 15. Bh3 Rad8 16. Qc2 Neg4 17. Nf5 Qe5 18. f4 Qc5 19. b4 Qxb4 20. Bxg4 Nxg4 21. Na2 Qc5 22. Bxg7+ Kg8 23. Qxc5 Bxc5 24. Bxf8 Rxf8 25. Nd4 Re8 26. Nc1 Nxe3 27. Ncb3 Nxf1 28. Rxf1 Bf8 29. Kf2 c5 30. Nf3 c4 31. Nbd4 Bc5 32. Kg3 Re3 33. Nf5 Rd3 34. Kg4 Bxf3+ 35. gxf3 c3 36. Rc1 b5 37. axb5 axb5 38. Kg5 Kf7 39. Ng3 b4 40. Ne4 Be3 41. Rc2 Bd4 42. Ra2 b3 43. Ra6 b2 44. Nd6+ Ke6 45. Nf5+ Kd5 46. Rc6 Kxc6 0-1

[Event "Grandmaster Triathlon (GM1)"]
[Site "Biel, CH"]
[Date "2025.07.20"]
[Round "16"]
[White "Svane, Frederik"]
[Black "Wojtaszek, Radoslaw"]
[Result "0-1"]
[Board "2"]
[TimeControl "180+2"]
[WhiteFideId "12923044"]
[BlackFideId "1118358"]
[WhiteTitle "GM"]
[BlackTitle "GM"]
[WhiteElo "2553"]
[BlackElo "2610"]
[WhiteTeam "GER"]
[BlackTeam "POL"]
[WhiteClock "0:00:09"]
[BlackClock "0:00:25"]
[Variant "Standard"]

1. e4 c6 2. d4 d5 3. exd5 cxd5 4. Nf3 Nc6 5. c3 Bf5 6. Qb3 Qd7 7. Nh4 Be6 8. Bd3 f6 9. f4 Bf7 10. O-O e6 11. Nd2 Bd6 12. Ndf3 Nge7 13. Qd1 O-O 14. Bd2 Rae8 15. Qc2 h6 16. Rae1 Kh8 17. g3 a6 18. a4 Bc7 19. Re2 f5 20. h3 Nc8 21. g4 Nd6 22. gxf5 exf5 23. Ne5 Nxe5 24. fxe5 Ne4 25. Nxf5 Bg6 26. Rxe4 dxe4 27. Bxe4 Bxe5 28. dxe5 Rxe5 29. Bf4 Rxe4 30. Qxe4 Bxf5 31. Qd4 Bxh3 32. Qxd7 Bxd7 33. Be5 Rxf1+ 34. Kxf1 Bxa4 35. Kf2 Kh7 36. Ke3 g5 37. Bf6 Kg6 38. Be7 Kf5 39. Bd8 Bc6 40. Be7 a5 41. Bd8 a4 42. Be7 h5 43. Bd8 b5 44. Be7 h4 45. Bd8 Kg6 46. Be7 Kh5 47. Bd8 Kg4 48. Be7 Bd7 49. Bd8 Kg3 50. Bxg5 h3 51. Bf4 Kg2 52. c4 bxc4 53. Kd4 Bb5 54. Kc5 c3 0-1

[Event "Grandmaster Triathlon (GM1)"]
[Site "Biel, CH"]
[Date "2025.07.20"]
[Round "16"]
[White "Murzin, Volodar"]
[Black "Salem, A.R. Saleh"]
[Result "0-1"]
[Board "3"]
[TimeControl "180+2"]
[WhiteFideId "44155573"]
[BlackFideId "9301348"]
[WhiteTitle "GM"]
[BlackTitle "GM"]
[WhiteElo "2669"]
[BlackElo "2644"]
[WhiteTeam "FID"]
[BlackTeam "UAE"]
[WhiteClock "0:00:08"]
[BlackClock "0:00:29"]
[Variant "Standard"]

1. d4 Nf6 2. Nf3 g6 3. Bg5 Bg7 4. Nbd2 d5 5. e3 O-O 6. Be2 c5 7. O-O Qb6 8. Rb1 Nc6 9. a3 cxd4 10. exd4 Nxd4 11. Nxd4 Qxd4 12. Be3 Qe5 13. c4 Rd8 14. Nf3 Qc7 15. Rc1 dxc4 16. Qa4 Bd7 17. Qxc4 Qxc4 18. Bxc4 Be8 19. Bd4 Bc6 20. Bc3 Bxf3 21. gxf3 Ne8 22. Bb5 Nd6 23. Bxg7 Kxg7 24. Bd3 Rac8 25. Kg2 Kf6 26. f4 Rxc1 27. Rxc1 Rc8 28. Re1 Rc5 29. Kf3 Rh5 30. Kg3 Rd5 31. Re3 b6 32. Kf3 Rh5 33. Kg2 Rc5 34. Re1 Rd5 35. Re3 e6 36. Kf3 Rh5 37. Kg2 Rc5 38. Re1 Rd5 39. Re3 h6 40. Kf3 Rh5 41. Kg2 Rc5 42. Re1 Rd5 43. Re3 Rd4 44. Kg3 g5 45. fxg5+ hxg5 46. b4 Ke7 47. Kg2 f5 48. Be2 Kf6 49. Rc3 Rd2 50. Kf1 Ra2 51. Rc6 Ke5 52. Rc3 Ne4 53. Re3 f4 54. Rh3 f3 55. Bxf3 Rxa3 56. Bg4 Rxh3 57. Bxh3 a5 58. bxa5 bxa5 59. Bg4 a4 60. Bd1 a3 0-1

[Event "Grandmaster Triathlon (GM1)"]
[Site "Biel, CH"]
[Date "2025.07.20"]
[Round "17"]
[White "Aravindh, Chithambaram VR."]
[Black "Svane, Frederik"]
[Result "1-0"]
[Board "1"]
[TimeControl "180+2"]
[WhiteFideId "5072786"]
[BlackFideId "12923044"]
[WhiteTitle "GM"]
[BlackTitle "GM"]
[WhiteElo "2611"]
[BlackElo "2553"]
[WhiteTeam "IND"]
[BlackTeam "GER"]
[WhiteClock "0:00:05"]
[BlackClock "0:00:05"]
[Variant "Standard"]

1. d4 d5 2. c4 e6 3. Nc3 Nf6 4. Nf3 Bb4 5. g3 O-O 6. Bg2 dxc4 7. O-O Nc6 8. a3 Be7 9. e4 a6 10. Be3 b5 11. Qc2 Ng4 12. Bf4 g5 13. d5 gxf4 14. dxc6 fxg3 15. hxg3 Bc5 16. e5 Qd3 17. Qc1 Qg6 18. Qf4 f5 19. exf6 Bd6 20. Qd4 e5 21. Qd2 Nxf6 22. Rae1 Re8 23. Nh4 Qf7 24. f4 exf4 25. Rxe8+ Qxe8 26. Nd5 Qf7 27. Nxf4 Qg7 28. Qd4 Bg4 29. Re1 Kh8 30. Ne6 Bxe6 31. Rxe6 Nh5 32. Qxg7+ Nxg7 33. Rh6 Bxg3 34. Ng6+ Kg8 35. Bd5+ Ne6 36. Ne7+ Kf7 37. Nf5 Bf4 38. Rxe6 Kf8 39. Rf6+ Ke8 40. Bf7+ Kd8 41. Re6 1-0

[Event "Grandmaster Triathlon (GM1)"]
[Site "Biel, CH"]
[Date "2025.07.20"]
[Round "17"]
[White "Fedoseev, Vladimir"]
[Black "Murzin, Volodar"]
[Result "1-0"]
[Board "2"]
[TimeControl "180+2"]
[WhiteFideId "24130737"]
[BlackFideId "44155573"]
[WhiteTitle "GM"]
[BlackTitle "GM"]
[WhiteElo "2746"]
[BlackElo "2669"]
[WhiteTeam "SLO"]
[BlackTeam "FID"]
[WhiteClock "0:00:11"]
[BlackClock "0:00:05"]
[Variant "Standard"]

1. d4 d5 2. c4 c6 3. cxd5 cxd5 4. Bf4 e6 5. Nc3 Bd6 6. Bxd6 Qxd6 7. e3 Ne7 8. Bd3 Nbc6 9. a3 Bd7 10. Qh5 e5 11. Nge2 Qf6 12. e4 g6 13. Qh6 exd4 14. Nxd5 Nxd5 15. exd5 Ne5 16. Rd1 O-O-O 17. Qd2 Kb8 18. Be4 Ba4 19. Rc1 d3 20. Nc3 Bc2 21. Rxc2 dxc2 22. O-O Nc4 23. Qxc2 Nd6 24. g3 Qe5 25. Bf3 f5 26. Ne2 Rc8 27. Nc3 h5 28. Qc1 h4 29. Re1 Qd4 30. Re6 hxg3 31. hxg3 Nb5 32. Qe1 Nxc3 33. bxc3 Qxc3 34. Qxc3 Rxc3 35. Kg2 g5 36. Re5 g4 37. Be2 Rf8 38. d6 Rxa3 39. d7 Rd8 40. Rxf5 Rxd7 41. Rf8+ Kc7 42. Bxg4 Rg7 43. Be6 a5 44. g4 Kd6 45. Bf5 a4 46. f4 Ra2+ 47. Kg3 a3 48. g5 b5 49. g6 b4 50. Rf6+ Kc5 51. Rf7 Rg8 52. Rc7+ Kd6 53. Rd7+ Kc6 54. Ra7 Rb2 55. g7 Kb6 56. Be6 Rd8 57. Rd7 Rb8 58. Rf7 Rb1 59. Rf8 Rg1+ 60. Kf2 Rxg7 61. Rxb8+ Kc5 62. f5 Re7 63. Rc8+ Kb5 64. Bc4+ Kb6 65. f6 Re5 66. f7 Rf5+ 67. Ke3 1-0

[Event "Grandmaster Triathlon (GM1)"]
[Site "Biel, CH"]
[Date "2025.07.20"]
[Round "17"]
[White "Salem, A.R. Saleh"]
[Black "Wojtaszek, Radoslaw"]
[Result "0-1"]
[Board "3"]
[TimeControl "180+2"]
[WhiteFideId "9301348"]
[BlackFideId "1118358"]
[WhiteTitle "GM"]
[BlackTitle "GM"]
[WhiteElo "2644"]
[BlackElo "2610"]
[WhiteTeam "UAE"]
[BlackTeam "POL"]
[WhiteClock "0:00:06"]
[BlackClock "0:00:58"]
[Variant "Standard"]

1. d4 Nf6 2. c4 e6 3. Nc3 Bb4 4. a3 Bxc3+ 5. bxc3 c5 6. f3 Nc6 7. e4 d6 8. Be3 b6 9. Bd3 e5 10. Ne2 h6 11. O-O O-O 12. d5 Ne7 13. Qd2 Ng6 14. Kh1 Nh7 15. Qc2 Kh8 16. Rf2 Qh4 17. g3 Qh5 18. Raf1 Ng5 19. g4 Qh4 20. Qd2 Nh3 21. Rg2 Bd7 22. Bc2 b5 23. Rg3 bxc4 24. Nc1 Rab8 25. Bd1 Nhf4 26. Bf2 Qg5 27. Be3 Rb1 28. Be2 Rfb8 29. Bxc4 R8b2 30. Qd1 Rxh2+ 0-1

[Event "Grandmaster Triathlon (GM1)"]
[Site "Biel, CH"]
[Date "2025.07.20"]
[Round "18"]
[White "Murzin, Volodar"]
[Black "Aravindh, Chithambaram VR."]
[Result "0-1"]
[Board "1"]
[TimeControl "180+2"]
[WhiteFideId "44155573"]
[BlackFideId "5072786"]
[WhiteTitle "GM"]
[BlackTitle "GM"]
[WhiteElo "2669"]
[BlackElo "2611"]
[WhiteTeam "FID"]
[BlackTeam "IND"]
[WhiteClock "0:00:00"]
[BlackClock "0:00:03"]
[Variant "Standard"]

1. d4 d5 2. Nf3 Nf6 3. Bf4 Bg4 4. e3 e6 5. Nbd2 Bd6 6. Bg3 O-O 7. Be2 c5 8. c3 Qc7 9. Ne5 Bxe2 10. Qxe2 Nc6 11. f4 Ne7 12. Bh4 Nf5 13. Bf2 Be7 14. h4 Nd6 15. h5 Nfe4 16. Nxe4 Nxe4 17. O-O f6 18. Nf3 f5 19. Qe1 cxd4 20. Nxd4 Qb6 21. Rb1 Bf6 22. h6 gxh6 23. Bh4 Bxd4 24. exd4 Kh8 25. Qe2 Rg8 26. Qh5 Rg6 27. Rfc1 Qa6 28. Rc2 Qd3 29. Qd1 Qe3+ 30. Bf2 Qxf4 31. Qd3 Rag8 32. Be1 Rg4 33. b3 h5 34. c4 h4 35. cxd5 exd5 36. Rbc1 Qg5 37. Qf3 Rf4 38. Qh3 Ng3 39. Bd2 Ne2+ 40. Kh1 Nxc1 41. Rxc1 Qg4 42. Bxf4 Qxf4 43. Re1 Qg3 44. Re7 b6 45. Rxa7 0-1

[Event "Grandmaster Triathlon (GM1)"]
[Site "Biel, CH"]
[Date "2025.07.20"]
[Round "18"]
[White "Svane, Frederik"]
[Black "Salem, A.R. Saleh"]
[Result "0-1"]
[Board "2"]
[TimeControl "180+2"]
[WhiteFideId "12923044"]
[BlackFideId "9301348"]
[WhiteTitle "GM"]
[BlackTitle "GM"]
[WhiteElo "2553"]
[BlackElo "2644"]
[WhiteTeam "GER"]
[BlackTeam "UAE"]
[WhiteClock "0:00:03"]
[BlackClock "0:00:48"]
[Variant "Standard"]

1. e4 c5 2. Nf3 d6 3. d4 cxd4 4. Nxd4 Nf6 5. Nc3 a6 6. Bg5 e6 7. Qf3 Nbd7 8. O-O-O Qc7 9. a3 Rb8 10. Bxf6 Nxf6 11. g4 b5 12. g5 Nd7 13. Qe3 Be7 14. f4 O-O 15. f5 Ne5 16. f6 Bd8 17. h4 b4 18. axb4 Rxb4 19. h5 Qc5 20. Qd2 Bc7 21. g6 fxg6 22. fxg7 Rf7 23. hxg6 Nxg6 24. Bh3 d5 25. Kb1 Bf4 26. Nxe6 Rxb2+ 27. Kxb2 Rb7+ 28. Ka2 Qa5+ 0-1

[Event "Grandmaster Triathlon (GM1)"]
[Site "Biel, CH"]
[Date "2025.07.20"]
[Round "18"]
[White "Wojtaszek, Radoslaw"]
[Black "Fedoseev, Vladimir"]
[Result "0-1"]
[Board "3"]
[TimeControl "180+2"]
[WhiteFideId "1118358"]
[BlackFideId "24130737"]
[WhiteTitle "GM"]
[BlackTitle "GM"]
[WhiteElo "2610"]
[BlackElo "2746"]
[WhiteTeam "POL"]
[BlackTeam "SLO"]
[WhiteClock "0:00:06"]
[BlackClock "0:00:10"]
[Variant "Standard"]

1. d4 d5 2. Nf3 e6 3. c4 dxc4 4. e3 Nf6 5. Bxc4 a6 6. O-O Nbd7 7. Qe2 b5 8. Bd3 c5 9. e4 Bb7 10. d5 c4 11. Bc2 Bc5 12. dxe6 fxe6 13. b3 cxb3 14. Bxb3 Nxe4 15. Nbd2 Ndf6 16. Nxe4 Nxe4 17. Bxe6 Qf6 18. Ng5 Qxa1 19. Bb2 Bxf2+ 20. Kh1 Qxf1+ 21. Qxf1 Nxg5 22. Qe2 Rf8 23. Bd5+ Kd7 24. Bxb7 Rae8 25. Qd3+ Kc7 26. Bc3 Rd8 27. Bd5 Bb6 28. Qg3+ Kc8 29. Qg4+ Rd7 30. h4 Rf1+ 31. Kh2 Bc7+ 32. g3 Rf2+ 33. Kg1 Rc2 34. Be1 h5 35. Qxg5 Rc5 36. Bb7+ Kxb7 37. Qe3 Bb6 38. Qe4+ Ka7 39. Kg2 Rc1 40. Qe6 Rdc7 41. Bb4 a5 42. Bd6 R7c2+ 43. Kf3 Rf1+ 0-1

[Event "Grandmaster Triathlon (GM1)"]
[Site "Biel, CH"]
[Date "2025.07.20"]
[Round "19"]
[White "Aravindh, Chithambaram VR."]
[Black "Wojtaszek, Radoslaw"]
[Result "1-0"]
[Board "1"]
[TimeControl "180+2"]
[WhiteFideId "5072786"]
[BlackFideId "1118358"]
[WhiteTitle "GM"]
[BlackTitle "GM"]
[WhiteElo "2611"]
[BlackElo "2610"]
[WhiteTeam "IND"]
[BlackTeam "POL"]
[WhiteClock "0:00:08"]
[BlackClock "0:00:03"]
[Variant "Standard"]

1. d4 Nf6 2. Nf3 d5 3. e3 e6 4. Bd3 b6 5. O-O Bd6 6. b3 O-O 7. Bb2 Bb7 8. Nbd2 c5 9. a3 Nc6 10. Ne5 Rc8 11. Qf3 cxd4 12. exd4 Ne7 13. Rae1 Ng6 14. Qe3 Qe7 15. f4 Bxa3 16. Bxa3 Qxa3 17. Ra1 Qe7 18. Rxa7 Ra8 19. Rxa8 Rxa8 20. Ndf3 Ne4 21. Ng5 Nxe5 22. Bxe4 dxe4 23. fxe5 Rf8 24. Nxe4 Bxe4 25. Qxe4 Qb4 26. Qd3 Rd8 27. c4 h6 28. h3 Qe7 29. Rd1 Qh4 30. Qe3 Qh5 31. Rd2 Qf5 32. d5 exd5 33. cxd5 b5 34. d6 Qe6 35. Qb6 Ra8 36. Qxb5 Ra1+ 37. Kh2 Qf5 38. Qe2 Qb1 39. d7 1-0

[Event "Grandmaster Triathlon (GM1)"]
[Site "Biel, CH"]
[Date "2025.07.20"]
[Round "19"]
[White "Murzin, Volodar"]
[Black "Svane, Frederik"]
[Result "0-1"]
[Board "2"]
[TimeControl "180+2"]
[WhiteFideId "44155573"]
[BlackFideId "12923044"]
[WhiteTitle "GM"]
[BlackTitle "GM"]
[WhiteElo "2669"]
[BlackElo "2553"]
[WhiteTeam "FID"]
[BlackTeam "GER"]
[WhiteClock "0:00:04"]
[BlackClock "0:00:04"]
[Variant "Standard"]

1. e4 c5 2. Nf3 d6 3. Bb5+ Bd7 4. c4 Nc6 5. Nc3 e5 6. O-O Nge7 7. d3 Ng6 8. a3 Be7 9. Nd5 O-O 10. b4 Bg4 11. Bxc6 bxc6 12. Ne3 Be6 13. Bd2 Qd7 14. Bc3 f6 15. Rb1 Kh8 16. bxc5 dxc5 17. Qc2 Nf4 18. Rfd1 Bf7 19. Ne1 Rfb8 20. Kf1 Bf8 21. Rxb8 Rxb8 22. Rb1 Rb7 23. Rxb7 Qxb7 24. Qb2 Qc8 25. Qb3 Ne6 26. f3 Nd4 27. Qb2 Be6 28. Kf2 Qc7 29. g3 Kg8 30. N1g2 Bd6 31. Bd2 Qb6 32. Bc3 Kf7 33. a4 Bc7 34. Qxb6 axb6 35. f4 g6 36. h4 Bh3 37. fxe5 Bxe5 38. Nf4 Bc8 39. Bb2 h5 40. Nfg2 g5 41. Ne1 Kg6 42. Bxd4 cxd4 43. N3c2 c5 44. Na3 Bb8 45. Nf3 Bd7 46. Nb5 Bg4 47. Nd2 gxh4 48. gxh4 Bd1 49. Nf3 Bxa4 50. Ke2 Kf7 51. Nd2 Bg3 52. Nf3 Ke6 53. Na3 f5 54. Nb5 fxe4 55. dxe4 Bc2 56. Ng5+ Kf6 57. Kd2 Bb3 58. Kd3 Bxh4 59. Nf3 Bg3 60. Na7 Bd1 61. Ng1 Bg4 62. Nc6 h4 0-1

[Event "Grandmaster Triathlon (GM1)"]
[Site "Biel, CH"]
[Date "2025.07.20"]
[Round "19"]
[White "Fedoseev, Vladimir"]
[Black "Salem, A.R. Saleh"]
[Result "0-1"]
[Board "3"]
[TimeControl "180+2"]
[WhiteFideId "24130737"]
[BlackFideId "9301348"]
[WhiteTitle "GM"]
[BlackTitle "GM"]
[WhiteElo "2746"]
[BlackElo "2644"]
[WhiteTeam "SLO"]
[BlackTeam "UAE"]
[WhiteClock "0:00:06"]
[BlackClock "0:00:20"]
[Variant "Standard"]

1. d4 Nf6 2. c4 g6 3. Nc3 d5 4. Nf3 Bg7 5. h4 dxc4 6. e4 O-O 7. h5 Nxh5 8. Bxc4 c5 9. d5 Bg4 10. Be3 Nd7 11. Qd2 b5 12. Bxb5 Rb8 13. Nh2 Ne5 14. f4 Bd7 15. Be2 Ng3 16. fxe5 Nxh1 17. Bf4 Rb4 18. Nf3 Bg4 19. a3 Rb7 20. Bc4 Qa5 21. O-O-O Rfb8 22. Rxh1 Rxb2 23. Qxb2 Rxb2 24. Kxb2 h5 25. Nd2 Qc7 26. d6 exd6 27. exd6 Qd7 28. Re1 g5 29. Bh2 Bd4 30. Nb3 Be6 31. Bxe6 fxe6 32. Kc2 0-1

[Event "Grandmaster Triathlon (GM1)"]
[Site "Biel, CH"]
[Date "2025.07.20"]
[Round "20"]
[White "Salem, A.R. Saleh"]
[Black "Aravindh, Chithambaram VR."]
[Result "1-0"]
[Board "1"]
[TimeControl "180+2"]
[WhiteFideId "9301348"]
[BlackFideId "5072786"]
[WhiteTitle "GM"]
[BlackTitle "GM"]
[WhiteElo "2644"]
[BlackElo "2611"]
[WhiteTeam "UAE"]
[BlackTeam "IND"]
[WhiteClock "0:01:51"]
[BlackClock "0:00:08"]
[Variant "Standard"]

1. d4 d5 2. c4 c6 3. Nf3 Nf6 4. Nc3 e6 5. g3 Nbd7 6. Bg2 dxc4 7. O-O b5 8. e4 Bb7 9. e5 Nd5 10. Ng5 Be7 11. Qh5 g6 12. Qh6 Bf8 13. Qh3 Be7 14. Qh6 Bf8 15. Qh3 Be7 16. Nge4 Qb6 17. Be3 O-O-O 18. a4 a5 19. Bg5 Bxg5 20. Nxg5 Rdf8 21. Nce4 Kb8 22. Nd6 Qxd4 23. Ngxf7 Rhg8 24. axb5 cxb5 25. Nxb7 Rxf7 26. Qxe6 Nxe5 27. Bxd5 Rgg7 28. Qe8+ Ka7 29. Rxa5+ Kb6 30. Qe6+ 1-0

[Event "Grandmaster Triathlon (GM1)"]
[Site "Biel, CH"]
[Date "2025.07.20"]
[Round "20"]
[White "Svane, Frederik"]
[Black "Fedoseev, Vladimir"]
[Result "0-1"]
[Board "2"]
[TimeControl "180+2"]
[WhiteFideId "12923044"]
[BlackFideId "24130737"]
[WhiteTitle "GM"]
[BlackTitle "GM"]
[WhiteElo "2553"]
[BlackElo "2746"]
[WhiteTeam "GER"]
[BlackTeam "SLO"]
[WhiteClock "0:00:00"]
[BlackClock "0:00:07"]
[Variant "Standard"]

1. e4 c5 2. Nf3 e6 3. d4 cxd4 4. Nxd4 Nf6 5. Bd3 Nc6 6. Nxc6 bxc6 7. Bf4 d5 8. Nd2 Be7 9. O-O O-O 10. c4 a5 11. Qe2 a4 12. Rac1 Qb6 13. cxd5 cxd5 14. exd5 Nxd5 15. Nc4 Qa7 16. Be5 Bb7 17. Rfd1 Rad8 18. Be4 Nf6 19. Rxd8 Bxd8 20. Bxb7 Qxb7 21. Bd6 Be7 22. Na5 Qd7 23. Bxe7 Qxe7 24. Qb5 a3 25. b4 Nd5 26. Nc6 Qg5 27. Qc5 Qd2 28. Qc2 Qg5 29. g3 h5 30. h4 Qg4 31. b5 Nf4 32. Re1 Nd5 33. Qe4 Qxe4 34. Rxe4 Nc3 35. Rb4 Nd5 36. Rb3 Rc8 37. Rxa3 Kf8 38. Rb3 Ke8 39. a4 Kd7 40. a5 Kc7 41. Ne5 f6 42. Nc6 Kd6 43. a6 Kc5 44. Kg2 Kb6 45. Rb2 Nc3 46. Nd4 e5 47. Nf5 Rc7 48. Rb3 Ne4 49. Ne3 Rc5 50. Rb4 Nd6 51. Rb2 Nxb5 52. Nf5 g6 53. Ne7 g5 54. hxg5 fxg5 55. Ng6 e4 56. Rb4 e3 57. fxe3 Kxa6 0-1

[Event "Grandmaster Triathlon (GM1)"]
[Site "Biel, CH"]
[Date "2025.07.20"]
[Round "20"]
[White "Wojtaszek, Radoslaw"]
[Black "Murzin, Volodar"]
[Result "0-1"]
[Board "3"]
[TimeControl "180+2"]
[WhiteFideId "1118358"]
[BlackFideId "44155573"]
[WhiteTitle "GM"]
[BlackTitle "GM"]
[WhiteElo "2610"]
[BlackElo "2669"]
[WhiteTeam "POL"]
[BlackTeam "FID"]
[WhiteClock "0:00:09"]
[BlackClock "0:00:20"]
[Variant "Standard"]

1. d4 Nf6 2. c4 g6 3. Nf3 Bg7 4. g3 b6 5. Bg2 Bb7 6. Qc2 Be4 7. Qd2 Bb7 8. O-O O-O 9. b3 a5 10. Nc3 Ne4 11. Nxe4 Bxe4 12. Bb2 d6 13. d5 Bxf3 14. exf3 Nd7 15. Bxg7 Kxg7 16. Qc3+ Nf6 17. Rfe1 Re8 18. Re3 Qd7 19. f4 Kf8 20. a4 Qf5 21. Rae1 Ng8 22. h4 Qf6 23. Qd2 Rad8 24. Bh3 h5 25. Kg2 Nh6 26. Qe2 Ng8 27. Re4 Qg7 28. f5 g5 29. hxg5 Qxg5 30. Kh2 Nf6 31. Re3 Kg7 32. Rf3 Rh8 33. Rf4 h4 34. Rg1 Kf8 35. Qf3 hxg3+ 36. Qxg3 Qh6 37. Qe3 Ke8 38. Rf3 Kd7 39. Qxh6 Rxh6 40. Rg7 Rf8 41. Kg2 Ke8 42. Kf1 Rfh8 43. Bg2 Kf8 44. Rgg3 Ne4 45. Rg4 Nd2+ 46. Ke2 Nxf3 47. Bxf3 Rg8 48. Re4 Rg5 49. Rf4 Kg7 50. Ke3 Kf6 51. Be4 Rh3+ 52. f3 Rg2 53. Kd4 Kg5 54. f6 Kxf4 0-1

[Event "Grandmaster Triathlon (GM1)"]
[Site "Biel, CH"]
[Date "2025.07.22"]
[Round "21"]
[White "Aravindh, Chithambaram VR."]
[Black "Fedoseev, Vladimir"]
[Result "1/2-1/2"]
[Board "1"]
[TimeControl "40/7200+30:1800+30"]
[WhiteFideId "5072786"]
[BlackFideId "24130737"]
[WhiteTitle "GM"]
[BlackTitle "GM"]
[WhiteElo "2724"]
[BlackElo "2739"]
[WhiteTeam "IND"]
[BlackTeam "SLO"]
[WhiteClock "0:25:07"]
[BlackClock "0:29:40"]
[Variant "Standard"]

1. Nf3 d5 2. e3 g6 3. c4 e6 4. d4 Bg7 5. Nc3 Nf6 6. Be2 O-O 7. O-O dxc4 8. Bxc4 Nd5 9. e4 Nb6 10. Bb3 Nc6 11. e5 h6 12. h4 f6 13. Be3 Nd5 14. exf6 Nxf6 15. Ne5 Kh7 16. Nxc6 bxc6 17. Bc2 e5 18. dxe5 Ng4 19. Qxd8 Rxd8 20. Bf4 Rb8 21. Rfe1 Rxb2 22. Rac1 Re8 23. h5 Bf5 24. hxg6+ Kxg6 25. Bxf5+ Kxf5 26. Nd1 Rxa2 27. Bg3 Re6 28. f3 Nxe5 29. Rc5 Ra4 30. Kh2 h5 31. Kh3 Bf6 32. Nc3 Rd4 33. Re3 Re7 34. f4 Rxf4 35. Bxf4 Kxf4 36. Re2 Bg7 37. Ra5 Rd7 38. g3+ Kf5 39. Ne4 Rd5 40. Rxa7 Nf3 41. Kg2 Nd4 42. Re1 Nc2 43. Re2 Nd4 44. Re1 Nc2 45. Re2 Nd4 1/2-1/2

[Event "Grandmaster Triathlon (GM1)"]
[Site "Biel, CH"]
[Date "2025.07.22"]
[Round "21"]
[White "Murzin, Volodar"]
[Black "Salem, A.R. Saleh"]
[Result "1/2-1/2"]
[Board "2"]
[TimeControl "40/7200+30:1800+30"]
[WhiteFideId "44155573"]
[BlackFideId "9301348"]
[WhiteTitle "GM"]
[BlackTitle "GM"]
[WhiteElo "2671"]
[BlackElo "2627"]
[WhiteTeam "FID"]
[BlackTeam "UAE"]
[WhiteClock "0:07:14"]
[BlackClock "0:16:41"]
[Variant "Standard"]

1. e4 c5 2. Nf3 Nc6 3. Bb5 g6 4. Bxc6 dxc6 5. d3 Bg7 6. a4 Nf6 7. a5 O-O 8. O-O Nd7 9. Nbd2 e5 10. Nc4 Qe7 11. Bd2 Nb8 12. Bg5 f6 13. Be3 Be6 14. Nfd2 Nd7 15. Re1 b5 16. axb6 axb6 17. Qe2 Rfc8 18. Qf1 Bf8 19. Rxa8 Rxa8 20. Ra1 Qd8 21. Nb3 Be7 22. Ncd2 Bf7 23. f3 Bd6 24. Rxa8 Qxa8 25. Qa1 Qb7 26. Nc1 Nf8 27. Kf1 Ne6 28. b3 Nd4 29. Qa2 Kg7 30. Ne2 h5 31. Bf2 Qb8 32. h3 Kh7 33. Be3 Bf8 34. Ke1 Kg8 35. Kd1 Qb7 36. Ke1 Qb8 37. Kd1 Qb7 38. Ke1 Qb8 1/2-1/2

[Event "Grandmaster Triathlon (GM1)"]
[Site "Biel, CH"]
[Date "2025.07.23"]
[Round "22"]
[White "Fedoseev, Vladimir"]
[Black "Murzin, Volodar"]
[Result "0-1"]
[Board "1"]
[TimeControl "40/7200+30:1800+30"]
[WhiteFideId "24130737"]
[BlackFideId "44155573"]
[WhiteTitle "GM"]
[BlackTitle "GM"]
[WhiteElo "2739"]
[BlackElo "2671"]
[WhiteTeam "SLO"]
[BlackTeam "FID"]
[WhiteClock "0:02:34"]
[BlackClock "0:03:32"]
[Variant "Standard"]

1. d4 Nf6 2. c4 c6 3. Nc3 d5 4. cxd5 cxd5 5. Nf3 Nc6 6. e3 g6 7. Ne5 Bg7 8. Bb5 Bd7 9. Nxd7 Qxd7 10. O-O O-O 11. Bd2 Rfc8 12. Be2 e6 13. Na4 Ne4 14. Be1 Rc7 15. Bd3 Nd6 16. Rc1 Rac8 17. b3 Qd8 18. Rc2 Bf8 19. Kh1 Ne8 20. Bd2 Nf6 21. f3 Nd7 22. Qe1 Bd6 23. Rc1 Ba3 24. Rd1 Bf8 25. Bb1 Qe7 26. Nc3 a6 27. e4 Nb6 28. Ne2 Nb4 29. Bc3 Nd7 30. e5 Nc6 31. g4 Qa3 32. f4 Bb4 33. Bd2 Bxd2 34. Qxd2 Qe7 35. f5 Qh4 36. f6 h6 37. Ng1 Nf8 38. Qg2 Qg5 39. Nf3 Qf4 40. h4 Qe3 41. Rd3 Qe4 42. Qg1 Nb4 43. Rdd1 Nc2 44. Rf2 Rc3 45. Qg2 Ne3 46. Bxe4 Nxg2 47. Kxg2 dxe4 48. Ne1 g5 49. Re2 gxh4 50. Rxe4 Nh7 51. Kf2 Rg3 52. g5 hxg5 53. Rd3 Rxd3 54. Nxd3 Rc3 55. Ne1 Rg3 56. Nf3 Nf8 57. a4 Ng6 58. a5 Kf8 59. d5 exd5 60. Rb4 Nf4 61. Rxb7 Kg8 62. e6 Nxe6 63. Ne5 Nc5 64. Ra7 Nd3+ 65. Nxd3 Rxd3 66. Rxa6 Rxb3 67. Rd6 Kh7 68. Rxd5 Kg6 69. Rd8 Ra3 70. Ra8 Kxf6 71. a6 Kf5 72. a7 Kg4 0-1

[Event "Grandmaster Triathlon (GM1)"]
[Site "Biel, CH"]
[Date "2025.07.23"]
[Round "22"]
[White "Salem, A.R. Saleh"]
[Black "Aravindh, Chithambaram VR."]
[Result "0-1"]
[Board "2"]
[TimeControl "40/7200+30:1800+30"]
[WhiteFideId "9301348"]
[BlackFideId "5072786"]
[WhiteTitle "GM"]
[BlackTitle "GM"]
[WhiteElo "2627"]
[BlackElo "2724"]
[WhiteTeam "UAE"]
[BlackTeam "IND"]
[WhiteClock "0:13:39"]
[BlackClock "0:36:17"]
[Variant "Standard"]

1. d4 d5 2. Nf3 c5 3. c4 dxc4 4. d5 Nf6 5. Nc3 e6 6. e4 exd5 7. exd5 Bd6 8. Bxc4 O-O 9. O-O h6 10. h3 a6 11. a4 Bf5 12. Nh4 Bh7 13. Bd3 Bxd3 14. Qxd3 Nc6 15. Nf5 Ne7 16. Ne3 Qc7 17. Rd1 Rad8 18. Qc4 Rd7 19. Ra3 Rfd8 20. Bd2 Nexd5 21. Ncxd5 Nxd5 22. Nf1 Be5 23. Re1 Bxb2 24. Rf3 Bd4 25. Re4 Nf6 26. Rh4 Be5 27. Be3 Rd1 28. Qe2 Rb1 0-1

[Event "Grandmaster Triathlon (GM1)"]
[Site "Biel, CH"]
[Date "2025.07.24"]
[Round "23"]
[White "Murzin, Volodar"]
[Black "Aravindh, Chithambaram VR."]
[Result "1/2-1/2"]
[Board "1"]
[TimeControl "40/7200+30:1800+30"]
[WhiteFideId "44155573"]
[BlackFideId "5072786"]
[WhiteTitle "GM"]
[BlackTitle "GM"]
[WhiteElo "2671"]
[BlackElo "2724"]
[WhiteTeam "FID"]
[BlackTeam "IND"]
[WhiteClock "1:15:39"]
[BlackClock "0:53:06"]
[Variant "Standard"]

1. d4 d5 2. Nf3 Nf6 3. Bf4 Bf5 4. e3 e6 5. Nbd2 Bd6 6. Bxd6 cxd6 7. c4 dxc4 8. Bxc4 O-O 9. O-O Nbd7 10. Qb3 Qb6 11. Rfc1 Rfc8 12. Bf1 Ne4 13. Nxe4 Bxe4 14. Nd2 Bd5 15. Qb5 Bc6 16. Qb3 Qxb3 17. Nxb3 a5 18. Nd2 Nb6 19. Nc4 Nxc4 20. Bxc4 Kf8 21. f3 Ke7 22. Bd3 Bd7 23. Kf2 Rxc1 24. Rxc1 Rc8 25. Rxc8 Bxc8 26. a3 h6 27. f4 d5 28. Ke1 Bd7 29. Kd2 b6 30. b3 f5 31. Ke1 Kf6 32. Kf2 Be8 33. Be2 Bd7 34. Bd3 Be8 35. Be2 Bd7 36. Bd3 Be8 37. Be2 1/2-1/2